 Dungeon Crawl Stone Soup version 0.30-a0-626-gd6a5dd7a1f (webtiles) character file.

Game seed: 8498871287310263109

107 Bnni the Vexing (level 5, 0/30 (38) HPs)
             Began as a Formicid Hexslinger on Jan 10, 2023.
             Slain by a jackal (1 damage)
             ... on level 5 of the Dungeon on Jan 11, 2023.
             The game lasted 00:04:36 (1752 turns).

Bnni the Vexing (Formicid Hexslinger)               Turns: 1752, Time: 00:04:36

HP:   0/30 (38)     AC:  4    Str: 14    XL:     5   Next: 11%
MP:   7/7           EV: 11    Int: 15    God:
Gold: 82            SH:  3    Dex: 14    Spells: 3/7 levels left

rFire   . . .      SeeInvis +    i - +2 dagger (venom)
rCold   . . .      Faith    .    l - +0 buckler
rNeg    . . .      Spirit   .    c - +0 robe
rPois   .          Reflect  .    (helmet unavailable)
rElec   .          Harm     .    (no cloak)
rCorr   .          Rampage  .    q - +1 pair of gloves
Will    .....                    (no boots)
Stlth   +                        (no amulet)
HPRegen 0.25/turn                (no ring)
MPRegen 0.10/turn                (no ring)

@: heavily drained
A: permanent stasis, dig shafts and tunnels, antennae 3, four strong arms
a: Dig, Shaft Self


You were on level 5 of the Dungeon.
You visited 1 branch of the dungeon, and saw 5 of its levels.

You collected 82 gold pieces.

Inventory:

Hand Weapons
 a - a +1 sling
 i - a +2 dagger of venom (weapon)
Armour
 c - a +0 robe (worn)
 l - a +0 buckler (worn)
 q - a +1 pair of gloves (worn)
Scrolls
 b - a scroll of poison
 d - 2 scrolls of amnesia {unknown}
 e - 4 scrolls of identify {unknown}
 f - a scroll of silence {unknown}
 g - a scroll of fog {unknown}
 h - a scroll of noise {unknown}
 j - a scroll of blinking {unknown}
 k - a scroll of enchant armour {unknown}
 m - 3 scrolls of vulnerability {unknown}
 n - a scroll of immolation {unknown}
 o - a scroll of teleportation {unknown}
 p - a scroll of torment {unknown}


   Skills:
 + Level 1.9 Fighting
 * Level 3.0 Ranged Weapons
 - Level 1.7 Dodging
 + Level 0.0 Shields
 + Level 1.6 Spellcasting
 * Level 4.5 Hexes
 * Level 1.9 Fire Magic


You had 3 spell levels left.
You knew the following spells:

 Your Spells              Type           Power      Damage    Failure   Level
a - Slow                  Hex            56%        N/A       4%          1
b - Inner Flame           Hex/Fire       10%        N/A       24%         3

Your spell library contained the following spells:

 Spells                   Type           Power      Damage    Failure   Level
 Shock                    Conj/Air       4%         1d3       28%         1
 Sting                    Tmut/Pois      4%         1d3       28%         1
 Portal Projectile        Hex/Tloc       16%        N/A       34%         3
 Wereblood                Tmut           1%         N/A       41%         2
 Cause Fear               Hex            7%         N/A       41%         4
 Flame Wave               Conj/Fire      4%         2d5       89%         4
 Sticky Flame             Conj/Fire      4%         2d3       89%         4
 Airstrike                Air            0%         2d(1-17)  96%         4
 Olgreb's Toxic Radiance  Pois           1%         N/A       96%         4
 Swiftness                Air            Unusable   N/A       N/A         3

Dungeon Overview and Level Annotations

Branches:
Dungeon (5/15)
 Temple: D:4-7

Altars:


Innate Abilities, Weirdness & Mutations

You cannot be hasted, slowed, berserked, paralysed or teleported.
You can dig through walls and to a lower floor.
You have a pair of large antennae on your head. (SInv)
Your four strong arms can wield two-handed weapons with a shield.


Message History

You dig through the rock wall.
You feel drained. The jackal attacks as you move away!
The jackal bites you but does no damage.
You dig through the rock wall.
You feel drained. The jackal completely misses you.
The jackal barely misses you.
The jackal bites you but does no damage.
The jackal bites you but does no damage.
The jackal bites you but does no damage. x2
The jackal barely misses you.
The jackal bites you but does no damage.
Keep equipping yourself?
You start putting on your armour.
You continue putting on your +0 buckler.
The jackal barely misses you.
The jackal bites you but does no damage.
You continue putting on your +0 buckler.
The jackal bites you but does no damage.
You continue putting on your +0 buckler.
The jackal misses you. The jackal bites you.
* * * LOW HITPOINT WARNING * * *
You continue putting on your +0 buckler.
The jackal bites you.
* * * LOW HITPOINT WARNING * * *
You finish putting on your +0 buckler.
You aren't carrying any potions.
The jackal bites you but does no damage.
The jackal closely misses you. The jackal bites you.
* * * LOW HITPOINT WARNING * * *
The jackal barely misses you. The jackal barely misses you. x2
The jackal bites you.
* * * LOW HITPOINT WARNING * * *
You retract your mandibles.
You hit the jackal.
The jackal is moderately wounded.
The jackal bites you but does no damage.
You closely miss the jackal.
The jackal is moderately wounded.
The jackal barely misses you. The jackal bites you.
You die...

.............
...........
####.........
#{...{.......
#..###{{......
##{{.......
##h#{.......
#h##........ {
##@####s...#
### ....#
....# ...# {


You could see a jackal.

Vanquished Creatures
  An iguana (D:4)
  2 worms
  A dart slug (D:1)
  4 orcs (D:3)
  6 bats
  3 endoplasms
  2 giant cockroaches (D:1)
  7 goblins
  9 hobgoblins
  3 jackals (D:1)
  3 quokkas
  9 ball pythons
  3 frilled lizards
  6 kobolds
  6 rats
65 creatures vanquished.

Notes
Turn   | Place    | Note
-------+----------+-------------------------------------------
     0 | D:1      | Bnni the Formicid Hexslinger began the quest for the Orb.
     0 | D:1      | Reached XP level 1. HP: 15/15 MP: 2/2
     0 | D:1      | Upgraded the game from 0.30-a0-620-g0e44632947 to
                  | 0.30-a0-626-gd6a5dd7a1f
   139 | D:1      | Reached XP level 2. HP: 21/21 MP: 3/3
   296 | D:1      | Reached skill level 4 in Hexes
   296 | D:1      | Reached XP level 3. HP: 20/26 MP: 5/5
   300 | D:1      | Reached skill level 1 in Fire Magic
   529 | D:1      | Learned a level 3 spell: Inner Flame
  1023 | D:2      | Reached XP level 4. HP: 27/32 MP: 6/6
  1201 | D:3      | Got Akkeism's Octavo of Metamorphosis and Filth
  1694 | D:4      | Reached XP level 5. HP: 28/38 MP: 7/7
  1729 | D:5      | Entered Level 5 of the Dungeon
  1750 | D:5      | HP: 1/30 [jackal (2)]
  1752 | D:5      | Slain by a jackal

Illustrated notes

Levels and vault maps discovered:
D:1:      onia_arrival_mini_spirals, layout_rooms
D:2:      layout_basic
D:3:      layout_rooms, skrybe_limestone_x, minmay_stone_trees_small
D:4:      layout_rooms, serial_corexii_hall, corexii_hall_statues_s,
          chequers_hall_statues_wall_a, chequers_hall_statues_wall_a,
          hangedman_abyss_or_decor_lesser_grid, hangedman_feature_mirror,
          uniq_ijyb
D:5:      layout_basic, nicolae_overflow_hidden_temple, uniq_menkaure

Skill      XL: |  1  2  3  4 |
---------------+-------------+-----
Hexes          | 4 |  4.5
Fire Magic     | 1 |  1.9
Ranged Weapons | 3 |  3.0
Fighting       | |  1.9
Dodging        | |  1.7
Spellcasting   | |  1.6

Action                   |  1- 3 |  4- 6 || total
-------------------------+-------+-------++-------
Melee: Dagger            |    12 |    63 ||    75
 Fire: Sling             |   111 |       ||   111
 Cast: Slow              |     1 |       ||     1
 Abil: Dig               |       |     1 ||     1
Armor: Robe              |    13 |    19 ||    32
Dodge: Dodged            |    59 |    39 ||    98

Table legend: (Time is in decaauts)
 A = Elapsed time spent in this place.
 B = Non-inter-level travel time spent in this place.
 C = Inter-level travel time spent in this place.
 D = Time resting spent in this place.
 E = Time spent auto-exploring this place.
 F = Levels seen in this place.
 G = Mean time per level.
                   A        B        C        D        E       F      G
               +--------+--------+--------+--------+--------+-----+--------+
         Total |   1781 |   1720 |     61 |      0 |   1280 |   5 |  356.2 |
       Dungeon |   1781 |   1720 |     61 |      0 |   1280 |   5 |  356.2 |
               +--------+--------+--------+--------+--------+-----+--------+

Top non-repeatable levels by time:
     D:1: 607 daAuts
     D:2: 588 daAuts
     D:3: 522 daAuts
     D:4: 39 daAuts
     D:5: 22 daAuts
